 Dungeon Crawl Stone Soup version 0.28.0-53-g5a82cb258f (webtiles) character file.

Game seed: 8443567978303245188

21116 mcbry74 the Spear-Bearer (level 12, -3/89 (93) HPs)
             Began as a Merfolk Fighter on July 22, 2022.
             Was a High Priest of Trog.
             Slain by a +2 trident of chaos (11 damage)
             ... on level 1 of the Lair of Beasts.
             The game lasted 01:01:46 (15681 turns).

mcbry74 the Spear-Bearer (Merfolk Fighter)         Turns: 15681, Time: 01:01:47

HP:   -3/89 (93)    AC: 27    Str: 22    XL:     12   Next: 86%
MP:   4/12          EV: 13    Int: 13    God:    Trog [*****.]
Gold: 900           SH:  7    Dex: 20    Spells: 11/11 levels left

rFire   . . .      SeeInvis .   a - +12 trident of Success {flame, Str+4}
rCold   . . .      Faith    .   c - +0 buckler
rNeg    . . .      Spirit   .   T - +7 chain mail "Geere" {Int+3 Dex+6}
rPois   .          Reflect  .   (no helmet)
rElec   +          Harm     .   Q - +2 cloak of Analysis {rElec}
rCorr   .          Rampage  .   U - +1 pair of gloves {Stlth+}
Will    +++..                   Y - +0 pair of boots {Fly}
Stlth   ..........              D - amulet of the acrobat
HPRegen 1.24/turn               V - ring of willpower
MPRegen 0.13/turn               S - +4 ring of protection

@: lethally poisoned (-3 -> -4), strong-willed, flying, regenerating, lightly
drained
A: (nimble swimmer 2), mertail
a: Renounce Religion, Berserk, Trog's Hand, Brothers in Arms


You were on level 1 of the Lair of Beasts.
You worshipped Trog.
Trog was extremely pleased with you.
You visited 3 branches of the dungeon, and saw 13 of its levels.
You also visited: Ossuary, Bailey and Volcano.

You collected 2032 gold pieces.
You spent 1132 gold pieces at shops.

Inventory:

Hand Weapons
 a - the +12 trident of Success (weapon) {flame, Str+4}
   (You acquired it on level 4 of the Dungeon)

   It burns those it strikes, dealing additional fire damage.
   Str:       It affects your strength (+4).
 b - a +6 spear of venom
 f - a +0 trident
 W - a +1 glaive of flaming
Missiles
 m - 9 boomerangs
 n - 101 stones
 K - 5 curare-tipped darts (quivered)
 L - 21 poisoned darts
 M - 4 silver boomerangs
 P - 3 boomerangs of dispersal
 R - 5 throwing nets
Armour
 c - a +0 buckler (worn)
 O - a +2 chain mail of cold resistance
 Q - the +2 cloak of Analysis (worn) {rElec}
   (You found it on level 10 of the Dungeon)

   rElec:     It insulates you from electricity.
 T - the +7 chain mail "Geere" (worn) {Int+3 Dex+6}
   (You bought it in a shop on level 2 of the Dungeon)

   Int:       It affects your intelligence (+3).
   Dex:       It affects your dexterity (+6).
 U - a +1 pair of gloves of stealth (worn)
 X - a +3 leather armour of fire resistance
 Y - a +0 pair of boots of flying (worn)
Jewellery
 u - an amulet of faith
 D - an amulet of the acrobat (around neck)
 E - a ring of positive energy
 S - a +4 ring of protection (right hand)
 V - a ring of willpower (left hand)
Wands
 d - a wand of digging (1)
 r - a wand of paralysis (11)
 F - a wand of polymorph (10)
 Z - a wand of flame (5)
Scrolls
 h - a scroll of brand weapon {unknown}
 l - a scroll of immolation {unknown}
 o - 2 scrolls of enchant armour {unknown}
 q - 2 scrolls of torment
 s - 2 scrolls of magic mapping
 t - 2 scrolls of fog {unknown}
 x - 3 scrolls of enchant weapon
 y - 7 scrolls of teleportation
 B - 2 scrolls of silence {unknown}
 H - 4 scrolls of fear {unknown}
 I - 3 scrolls of noise {unknown}
Potions
 e - 3 potions of lignification
 g - 4 potions of attraction
 i - 4 potions of brilliance
 j - 7 potions of curing
 k - 2 potions of haste {unknown}
 p - a potion of magic {unknown}
 v - 2 potions of invisibility {unknown}
 w - 4 potions of might
 z - 4 potions of mutation
 A - 5 potions of heal wounds
 C - a potion of cancellation
 G - a potion of berserk rage
 J - a potion of flight {unknown}
 N - a potion of ambrosia


   Skills:
 + Level 8.2 Fighting
 - Level 14.2 Polearms
 * Level 10.5 Throwing
 + Level 5.4 Armour
 + Level 10.6 Dodging
 + Level 7.2 Shields
 + Level 6.4 Evocations


You had 11 spell levels left.
You didn't know any spells.
Your spell library was empty.

Dungeon Overview and Level Annotations

Branches:
Dungeon (11/15)            Temple (0/1) D:7            Lair (1/6) D:9
    Orc (1/2) D:9         Ossuary (visited)          Bailey (visited)
Volcano (visited)

Altars:
Trog
Xom

Shops:
D:1 !   D:2 [   D:4 *   D:8 (

Portals:
Trove: D:11 (give 8 scrolls of fear)

Annotations:
D:2 1 runed translucent door, Crazy Yiuf
D:10 2 transporters, NiggerDarts's ghost, journeyman HuFi
Lair:1 mcbry74's ghost, journeyman MfGl


Innate Abilities, Weirdness & Mutations

((You are very nimble when in or above water. (Stealth+, EV+, Speed+++)))
Your lower body shifts to a powerful aquatic tail in water.


Message History

The +2 trident of chaos hits you but does no damage.
You feel drained. You block mcbry74's ghost's attack.
You hit mcbry74's ghost but do no damage.
Mcbry74's ghost is moderately damaged.
The +2 trident of chaos hits you but does no damage.
You impale mcbry74's ghost!! You burn mcbry74's ghost.
Mcbry74's ghost is heavily damaged.
Mcbry74's ghost hits you but does no damage.
The +2 trident of chaos hits you but does no damage.
You puncture mcbry74's ghost! You burn mcbry74's ghost.
Mcbry74's ghost is severely damaged.
The +2 trident of chaos misses you. Mcbry74's ghost barely misses you.
You barely miss mcbry74's ghost.
Mcbry74's ghost is severely damaged.
The +2 trident of chaos hits you from afar!
You feel your power leaking away.
You closely miss mcbry74's ghost.
Mcbry74's ghost is severely damaged.
You block the +2 trident of chaos's attack.
Mcbry74's ghost hits you. Mcbry74's ghost burns you.
You miss mcbry74's ghost.
Mcbry74's ghost is severely damaged.
The +2 trident of chaos hits you from afar!
You are poisoned.
Mcbry74's ghost hits you. Mcbry74's ghost burns you.
You puncture mcbry74's ghost! You burn mcbry74's ghost.
Mcbry74's ghost is almost destroyed.
You feel sick.
The +2 trident of chaos hits you from afar!
* * * LOW HITPOINT WARNING * * *
You feel your power leaking away.
You feel sick.
You closely miss mcbry74's ghost.
Mcbry74's ghost is almost destroyed.
You feel sick. Mcbry74's ghost hits you!
* * * LOW HITPOINT WARNING * * *
Mcbry74's ghost burns you.
* * * LOW HITPOINT WARNING * * *
The +2 trident of chaos hits you from afar!
You die...

#.........P.........#........†...
#.###.P.................:#.......
#######...#.........#....#......#
#.#.###...##.P#..#.##....#......#
......÷..................#......#
.........................#.######
.................................
.................................
................@..)...##.#######
..............###W......### #.
##..P##......##(#(.....##########
##.####....#.#._'...#..# #....##.
.....+.....#.##$#..#...# #....##.
......#....##.###..#...# #....###
.....##....##......##..###....##.
.....##....##......##...###.P###.
.######....#.......#P..P###.####.


You could see a +2 trident of chaos and mcbry74's ghost.

Vanquished Creatures
  Josephine (D:11)
  A boulder beetle (D:6)
  A two-headed ogre (D:10)
  A sun demon (Volcano)
  Nergalle (Lair:1)
  Pikel (D:8)
  3 ugly things
  An orc sorcerer (Volcano)
  A gargoyle (D:10)
  A molten gargoyle (Volcano)
  2 cane toads (Lair:1)
  Maurice (Orc:1)
  Joseph (D:8)
  2 unseen horrors
  A komodo dragon (D:5)
  2 guardian mummies (D:11)
  4 trolls
  A shadow (D:8)
  Sigmund (D:5)
  A meliai zombie (D:10)
  4 wraiths (D:11)
  A vampire (D:11)
  Eustachio (D:6)
  11 yaks
  Grum (Bailey)
  5 fire bats (Volcano)
  3 wyverns
  A steam dragon (D:4)
  Menkaure (Ossuary)
  A warg (Orc:1)
  4 hell hounds
  4 water moccasins
  13 orc warriors
  2 black bears
  A necrophage (D:5)
  4 wolves (Bailey)
  7 ogres
  2 centaurs
  A phantom (D:4)
  4 bullfrogs
  2 wyvern zombies
  5 kobold brigands
  Blork the orc (D:6)
  11 gnoll sergeants
  A water moccasin skeleton (D:5)
  5 killer bees (D:9)
  8 wights
  6 howler monkeys
  2 centaur zombies
  6 lava snakes (Volcano)
  3 hounds
  6 gnoll shamans
  15 orc priests
  A centaur skeleton (D:6)
  An iguana (D:7)
  Natasha (thrice) (D:2)
  8 orc wizards
  3 mummies (Ossuary)
  2 howler monkey skeletons
  A howler monkey zombie (D:9)
  22 gnolls
  6 adders
  An ufetubus (D:5)
  An adder skeleton (D:4)
  3 worms
  44 orcs
  3 ball pythons
  A bat skeleton (D:9)
  A bat zombie (D:9)
  5 endoplasms
  2 giant cockroaches
  12 goblins
  9 hobgoblins
  2 jackals (D:2)
  11 kobolds
  3 quokkas
  2 bats (D:3)
  7 frilled lizards
  6 gnoll skeletons (Ossuary)
  6 goblin skeletons (Ossuary)
  4 goblin zombies (Ossuary)
  4 hobgoblin skeletons (Ossuary)
  4 hobgoblin zombies (Ossuary)
  A kobold skeleton (Ossuary)
  3 kobold zombies (Ossuary)
  An orc skeleton (Ossuary)
  7 orc zombies (Ossuary)
  3 rats
  7 rat skeletons (Ossuary)
  7 rat zombies (Ossuary)
377 creatures vanquished.

Vanquished Creatures (collateral kills)
  A centaur zombie (D:10)
  8 gnolls
  2 orcs
11 creatures vanquished.

Vanquished Creatures (others)
  A hell hound (Volcano)
  A gnoll shaman (Bailey)
  3 orcs
  A kobold (D:9)
6 creatures vanquished.

Grand Total: 394 creatures vanquished

Notes
Turn   | Place    | Note
-------+----------+-------------------------------------------
     0 | D:1      | mcbry74 the Merfolk Fighter began the quest for the Orb.
     0 | D:1      | Reached XP level 1. HP: 18/18 MP: 1/1
   241 | D:1      | Reached skill level 1 in Dodging
   263 | D:1      | Reached XP level 2. HP: 24/24 MP: 2/2
   370 | D:1      | Found a faded altar of an unknown god.
   377 | D:1      | Prayed at the altar of an unknown god.
   377 | D:1      | Became a worshipper of Trog the Wrathful
   377 | D:1      | Reached * piety under Trog
   631 | D:1      | Found Kocerin's Distillery.
   928 | D:2      | Reached skill level 4 in Polearms
   928 | D:2      | Reached XP level 3. HP: 30/30 MP: 3/3
   991 | D:2      | Reached XP level 4. HP: 20/37 MP: 4/4
  1417 | D:2      | Found Ynosch's Armour Boutique.
  1440 | D:2      | Noticed Natasha
  1452 | D:2      | Killed Natasha
  1453 | D:2      | Reached skill level 5 in Polearms
  1698 | D:2      | Found a runed translucent door.
  1699 | D:2      | Noticed Crazy Yiuf
  1868 | D:2      | Noticed Natasha
  1883 | D:2      | Killed Natasha
  1884 | D:2      | Reached XP level 5. HP: 11/42 MP: 5/5
  2320 | D:2      | Noticed Natasha
  2333 | D:2      | Killed Natasha
  2334 | D:2      | Reached skill level 6 in Polearms
  3249 | D:4      | Found Bielitof's Assorted Antiques.
  3290 | D:4      | Identified a scroll of acquirement
  3290 | D:4      | Acquired the +12 trident of Success {flame, Str+4}
  3420 | D:4      | Noticed an ogre
  3450 | D:4      | Killed an ogre
  3451 | D:4      | Reached skill level 7 in Polearms
  3451 | D:4      | Reached XP level 6. HP: 45/48 MP: 6/6
  3664 | D:4      | Found a sand-covered staircase.
  3668 | Ossuary  | Entered an ossuary
  3674 | Ossuary  | Reached ** piety under Trog
  3941 | Ossuary  | Reached *** piety under Trog
  3958 | Ossuary  | Noticed Menkaure
  3963 | Ossuary  | Killed Menkaure
  3964 | Ossuary  | Reached skill level 8 in Polearms
  3970 | Ossuary  | Reached XP level 7. HP: 53/54 MP: 7/7
  4043 | D:4      | Reached skill level 5 in Dodging
  4251 | D:4      | Noticed a steam dragon
  4265 | D:4      | Killed a steam dragon
  4266 | D:4      | Reached skill level 9 in Polearms
  4810 | D:4      | Bought a large peridot ring for 105 gold pieces
  4825 | D:5      | Entered Level 5 of the Dungeon
  4854 | D:5      | Reached skill level 10 in Polearms
  4904 | D:5      | Reached XP level 8. HP: 41/60 MP: 8/8
  5029 | D:5      | Reached skill level 1 in Throwing
  5130 | D:5      | Noticed a komodo dragon
  5139 | D:5      | Killed a komodo dragon
  5140 | D:5      | Reached skill level 11 in Polearms
  5353 | D:5      | Noticed Sigmund
  5359 | D:5      | Killed Sigmund
  5360 | D:5      | Reached skill level 12 in Polearms
  6230 | D:6      | Noticed Blork the orc
  6235 | D:6      | Killed Blork the orc
  6474 | D:6      | Noticed Eustachio
  6478 | D:6      | Killed Eustachio
  6479 | D:6      | Reached skill level 13 in Polearms
  6479 | D:6      | Reached XP level 9. HP: 65/65 MP: 9/9
  6526 | D:7      | Noticed a boulder beetle
  6567 | D:6      | Killed a boulder beetle
  6568 | D:6      | Reached skill level 14 in Polearms
  6568 | D:6      | Reached skill level 5 in Throwing
  7009 | D:7      | Reached **** piety under Trog
  7014 | D:7      | Reached skill level 1 in Evocations
  7259 | D:7      | Found a staircase to the Ecumenical Temple.
  7445 | D:7      | Reached XP level 10. HP: 72/73 MP: 10/10
  7711 | D:8      | Found Vifeso's Antique Weapon Shop.
  7781 | D:8      | Noticed Pikel
  7796 | D:8      | Killed Pikel
  7808 | D:8      | Reached skill level 5 in Fighting
  7898 | D:8      | Noticed Joseph
  7917 | D:8      | Killed Joseph
  8861 | D:9      | Found a staircase to the Lair.
  8943 | D:9      | Found a staircase to the Orcish Mines.
  9837 | D:9      | Reached skill level 5 in Shields
 10219 | D:9      | Reached ***** piety under Trog
 10220 | D:9      | Reached XP level 11. HP: 81/81 MP: 11/11
 10601 | D:10     | Entered Level 10 of the Dungeon
 10625 | D:10     | Identified the +2 cloak of Analysis {rElec}
 10648 | D:10     | Found a flagged portal.
 10658 | Bailey   | Entered a bailey
 11036 | Bailey   | Noticed Grum
 11048 | Bailey   | Killed Grum
 11478 | D:2      | Bought the +7 chain mail "Geere" {Int+3 Dex+6} for 654 gold
                  | pieces
 11478 | D:2      | Bought a +1 pair of gloves of stealth for 165 gold pieces
 11587 | D:1      | Bought a potion of cancellation for 104 gold pieces
 11587 | D:1      | Bought a potion of ambrosia for 104 gold pieces
 11788 | D:10     | Received a gift from Trog
 11883 | D:10     | Found a transporter.
 11887 | D:10     | Noticed NiggerDarts's ghost (journeyman HuFi)
 11893 | D:10     | Noticed a brown ugly thing
 11906 | D:10     | Killed a brown ugly thing
 11911 | D:10     | Noticed a two-headed ogre
 11933 | D:10     | Killed a two-headed ogre
 12055 | D:10     | Found a transporter.
 12523 | D:11     | Noticed Josephine
 12532 | D:11     | Killed Josephine
 12533 | D:11     | Reached skill level 5 in Evocations
 12606 | D:11     | Reached XP level 12. HP: 52/91 MP: 12/12
 12760 | D:11     | Found a portal to a secret trove of treasure.
 13476 | Orc:1    | Entered Level 1 of the Orcish Mines
 13894 | Orc:1    | Found a dark tunnel.
 13940 | Volcano  | Entered a volcano
 14190 | Volcano  | Reached skill level 5 in Armour
 14190 | Volcano  | Reached skill level 10 in Dodging
 14259 | Volcano  | Found a bloodstained altar of Trog.
 14259 | Volcano  | Noticed a sun demon
 14271 | Volcano  | Killed a sun demon
 14272 | Volcano  | Reached skill level 10 in Throwing
 14448 | Orc:1    | Noticed Maurice
 14460 | Orc:1    | Killed Maurice
 14818 | Lair:1   | Entered Level 1 of the Lair of Beasts
 14829 | Lair:1   | Identified the +5 dagger of Forgiveness {vamp, Fragile
                  | rPois Str-2 Dex+8}
 14853 | Lair:1   | Received a gift from Trog
 15004 | Lair:1   | Found a runed translucent door.
 15004 | Lair:1   | Found a shimmering altar of Xom.
 15004 | Lair:1   | Noticed mcbry74's ghost (journeyman MfGl)
 15126 | Lair:1   | Noticed Nergalle
 15140 | Lair:1   | Killed Nergalle
 15681 | Lair:1   | Slain by a +2 trident of chaos

Illustrated notes

Levels and vault maps discovered:
D:1:      sevenhm_arrival_forest_fort_small_3, layout_basic, serial_shops,
          nicolae_shop_stone, hellmonk_ecumenical_altar_run_dry
D:2:      layout_rooms, serial_shops, shop, minmay_misc_feat_columns,
          uniq_natasha, uniq_crazy_yiuf_cottage
D:3:      layout_basic
D:4:      layout_loops_corners, enter_ossuary_5, serial_shops,
          kennysheep_mini_moat
D:5:      layout_loops_ring, uniq_sigmund
D:6:      layout_loops_ring, uniq_blork_the_orc, uniq_eustachio
D:7:      layout_cave_pools, minmay_temple_entry_butterflies
D:8:      layout_loops_ring, serial_shops, shop, uniq_joseph, uniq_pikel
D:9:      layout_loops_ring, kennysheep_vampire_church, lair_entry_dummy,
          kennysheep_orc_monster_closet_entryway,
          nicolae_elevator_lobby_asterisk
D:10:     layout_roguey, gammafunk_ghost_stat_death, enter_bailey_3
D:11:     layout_loops_ring, nicolae_trove_entry_path_of_doom, special_room
          [special_room_orc], uniq_josephine
Lair:1:   layout_regular_city, ebering_ghost_xom, uniq_nergalle
Orc:1:    layout_caves, enter_volcano_3, uniq_maurice

Skill      XL: |  1  2  3  4  5  6  7  8  9 10 11 12 |
---------------+-------------------------------------+-----
Dodging        | 1 2 3 4 6 8 9 10 | 10.6
Polearms       | 4 5 7 8 10 13 14 | 14.2
Fighting       | 4 5 7 8 |  8.2
Throwing       | 3 5 7 9 10 | 10.5
Evocations     | 1 3 5 6 |  6.4
Shields        | 5 6 7 |  7.2
Armour         | 3 4 5 |  5.4

Action                   |  1- 3 |  4- 6 |  7- 9 | 10-12 || total
-------------------------+-------+-------+-------+-------++-------
Melee: Trident           |    79 |   210 |   147 |   619 ||  1055
       Spear             |       |       |       |    11 ||    11
Throw: Dart              |       |     2 |     7 |    51 ||    60
       Boomerang         |       |       |       |    10 ||    10
Invok: Berserk           |       |       |     1 |       ||     1
       Trog's Hand       |       |       |       |     3 ||     3
Evoke: Wand              |       |       |       |     1 ||     1
  Use: Potion            |       |     1 |     2 |       ||     3
       Scroll            |       |     2 |     9 |     1 ||    12
 Stab: Distracted        |       |       |       |     2 ||     2
Armor: Scale mail        |    15 |    24 |    10 |    45 ||    94
       Chain mail        |       |       |       |    95 ||    95
Dodge: Dodged            |    21 |    49 |    30 |   214 ||   314
Block: Buckler           |     9 |    24 |     9 |    72 ||   114
